 Dungeon Crawl Stone Soup version 0.14.0-18-g0341e45 (webtiles) character file.

313 Infinimo the Cudgeler (level 5, -5/57 HPs)
             Began as an Ogre Fighter on Apr 20, 2014.
             Slain by Duvessa
             ... wielding a +2,+1 short sword of protection
              (9 damage)
             ... on Level 4 of the Dungeon.
             The game lasted 00:05:23 (2735 turns).

Infinimo the Cudgeler (Ogre Fighter)                Turns: 2735, Time: 00:05:23

HP  -5/57        AC  4     Str 26      XL: 5   Next: 61%
MP   5/5         EV  8     Int  8      God:
Gold 132         SH 18     Dex  9      Spells:  0 memorised,  4 levels left

rFire  . . .     SeeInvis .     a - +0 flail
rCold  . . .     Clarity  .     b - +0 robe
rNeg   + . .     Conserve .     c - +0 shield
rPois  .         rCorr    .     (helmet restricted)
rElec  .         rRot     .     m - +0 cloak
SustAb . .       Spirit   .     (gloves unavailable)
rMut   .         Warding  .     (boots unavailable)
Saprov + . .     Stasis   .     (no amulet)
MR     .....                    (no ring)
                                h - ring of positive energy

@: mighty, not resistant to hostile enchantments, very unstealthy
A: unfitting armour, fast metabolism 1, saprovore 1, tough skin 1
a: no special abilities


You were on level 4 of the Dungeon.
You were not hungry.

You visited 1 branch of the dungeon, and saw 4 of its levels.

You collected 132 gold pieces.

Inventory:

Hand weapons
 a - a +0,+0 flail (weapon)
Armour
 b - a +0 robe (worn)
 c - a +0 shield (worn)
 m - a +0 cloak (worn)
Magical devices
 j - a wand of disintegration (7) {unknown}
Comestibles
 d - 2 meat rations
 g - 2 bread rations
 l - a rotting chunk of hobgoblin flesh
 q - a pear
Jewellery
 h - a ring of positive energy (left hand)
Potions
 f - a potion of heal wounds
 i - 2 potions of curing
 n - a potion of brilliance
 o - a potion of haste {unknown}
 r - a potion of resistance {unknown}


   Skills:
 + Level 5.5 Fighting
 * Level 6.3 Maces & Flails
 - Level 2.6 Dodging
 - Level 2.6 Shields


You had 4 spell levels left.
You didn't know any spells.

Dungeon Overview and Level Annotations

Branches:
Dungeon (4/15)
 Temple: D:4-7

Altars:

Annotations:
D:4 Duvessa; inmateoo's ghost, average MiBe


Innate Abilities, Weirdness & Mutations

You are too large for most types of armour.
You have a fast metabolism.
You can tolerate rotten meat.
You have tough skin (AC +1).


Message History

Duvessa is moderately wounded.
You block Duvessa's attack. Duvessa barely misses you.
Duvessa is moderately wounded.
You block Duvessa's attack.
Duvessa hits you with a runed short sword.
* * * LOW HITPOINT WARNING * * *
You thump Duvessa!
Duvessa is heavily wounded.
You block Duvessa's attack.
You sock Duvessa!
Duvessa is severely wounded.
Duvessa hits you with a runed short sword!
* * * LOW HITPOINT WARNING * * *
You block Duvessa's attack.
Duvessa is severely wounded.
Duvessa barely misses you. Duvessa closely misses you.
You hit Duvessa.
Duvessa is severely wounded.
Duvessa hits you with a runed short sword!
You die...

,,****,,, ****,.,*,,,,,##*
* # ,,*
*,*,****,,,,..**,,,,,* #
,,* *,,,,,**,,,*.#****,,,*
# ,,* ***,*,**,,,,.#
*,,,**** # ,,* *,*,***,,,.#
**,,,,,** # *** *,*,*
*,,,.# **,,,,,,* # ,,*
*,*,****##.## *,,,,,,,* ,,*
* ,,,* #)e.# *,,,*,,,* ,,*
*,...* #@(.# * ,,* *****
*** *....####.?.##
**.,,**,,,* *
*,,,#.......(####..,**, ,,
* *
**#.............(,,,,,,, *
#........####.#**** ,, *
###....######.# **** *****
#...###...#.## *** **,,
#####...###......#
,,,,,,,,.....)............#


You could see Duvessa (berserk).

Vanquished Creatures
  Dowan (D:4)
  Crazy Yiuf (D:2)
  Ijyb (D:4)
  3 adders (D:2)
  A giant mite (D:1)
  A worm (D:2)
  4 giant geckos
  6 bats
  2 giant cockroaches (D:1)
  6 goblins
  9 hobgoblins
  3 jackals (D:1)
  5 kobolds
  3 quokkas
  8 giant newts
  A goblin skeleton (D:4)
  7 rats
62 creatures vanquished.

Notes
Turn   | Place    | Note
--------------------------------------------------------------
     0 | D:1      | Infinimo, the Ogre Fighter, began the quest for the Orb.
     0 | D:1      | Reached XP level 1. HP: 24/24 MP: 1/1
   120 | D:1      | Reached XP level 2. HP: 32/32 MP: 2/2
   327 | D:1      | Reached XP level 3. HP: 36/40 MP: 3/3
   947 | D:2      | HP: 2/40 [worm (5)]
   949 | D:2      | Reached XP level 4. HP: 3/49 MP: 4/4
   955 | D:2      | HP: 2/49 [poisoned by an adder]
  1437 | D:2      | Reached skill level 5 in Fighting
  1437 | D:2      | Reached skill level 5 in Maces & Flails
  1623 | D:2      | Noticed Crazy Yiuf
  1632 | D:2      | Killed Crazy Yiuf
  1853 | D:2      | Reached XP level 5. HP: 57/57 MP: 5/5
  2614 | D:4      | Noticed Ijyb
  2625 | D:4      | Killed Ijyb
  2625 | D:4      | Reached skill level 6 in Maces & Flails
  2666 | D:4      | Noticed inmateoo's ghost (average MiBe)
  2717 | D:4      | Noticed Dowan
  2719 | D:4      | Noticed Duvessa
  2728 | D:4      | Killed Dowan
  2735 | D:4      | Slain by Duvessa

Action                   |  1- 3 |  4- 6 || total
-------------------------+-------+-------++-------
Melee: Flail             |    99 |   110 ||   209
  Use: Scroll            |       |     9 ||     9
       Potion            |       |     1 ||     1
